[Event "45th FIDE Olympiad 2024"]
[Site "Budapest"]
[Date "2024.09.14"]
[Round "4.27"]
[White "Djukic, Nikola"]
[Black "Mamedov, Rauf"]
[Result "1/2-1/2"]
[ECO "B32"]
[WhiteElo "2515"]
[BlackElo "2637"]
[Annotator "TA"]
[PlyCount "71"]
[EventDate "2024.09.05"]
[EventType "team-tourn"]
[EventCountry "HUN"]
[SourceTitle "playchess.com"]
[Source "ChessBase"]
[SourceQuality "1"]
[WhiteTeam "Montenegro"]
[BlackTeam "Azerbaijan"]
[WhiteTeamCountry "MNE"]
[BlackTeamCountry "AZE"]
[TimeControl "40/5400+30:1800+30"]

1. e4 c5 2. Nf3 Nc6 3. d4 cxd4 4. Nxd4 e5 5. Nb5 d6 6. c4 g6 7. Be3 Be6 8. N1c3 {[%emt 0:00:48] Strongly threatening Nd5.} a6 {[%emt 0:00:06] White has an edge.} 9. Na3 Bg7 10. Nc2 Nf6 11. Be2 O-O 12. O-O Rc8 13. f3 Nh5 14. Qd2 Nf4 15. Rfd1 Nxe2+ 16. Qxe2 Nd4 17. Nxd4 exd4 18. Bxd4 Rxc4 19. Bxg7 Kxg7 20. Qf2 Qc7 21. Rd4 Qc5 22. Rad1 Rxd4 23. Qxd4+ Qxd4+ 24. Rxd4 $14 {[%emt 0:00:08][%mdl 4096] Endgame. KRB-KRN} Rd8 $1 25. Kf2 Kf6 26. Ke3 Ke7 27. Rb4 b5 28. Rd4 Rc8 {[%emt 0:01:19] The position is equal.} 29. Kd2 Rc5 30. a4 bxa4 31. Rxa4 a5 32. b4 axb4 33. Rxb4 d5 34. exd5 Bxd5 35. Rb5 Rxb5 36. Nxb5 {[%emt 0:00:06] Weighted Error Value: White=0.04 (flawless) /Black=0.02 (flawless) .  OK:         	White=10    	Black=17     Best:        	---       	Black=2      Strong:       	---       	Black=1} 1/2-1/2

[Event "45th FIDE Olympiad 2024"]
[Site "Budapest"]
[Date "2024.09.14"]
[Round "4.27"]
[White "Amewounou, Komlan Kouessan"]
[Black "Chan, Wang Ip Boris"]
[Result "0-1"]
[ECO "B20"]
[WhiteElo "1825"]
[BlackElo "2016"]
[PlyCount "48"]
[EventDate "2024.09.05"]
[EventType "team-tourn"]
[EventCountry "HUN"]
[WhiteTeam "Togo"]
[BlackTeam "Hong Kong, China"]
[WhiteTeamCountry "TOG"]
[BlackTeamCountry "HKG"]
[TimeControl "40/5400+30:1800+30"]

1. e4 c5 2. a3 e6 3. b4 cxb4 4. axb4 Bxb4 5. c3 Be7 6. Na3 d6 7. Nb5 Nc6 8. d4 Nf6 9. d5 exd5 10. exd5 Ne5 11. Rxa7 Rxa7 12. Nxa7 Bd7 13. Nb5 Qa5 14. Qb3 O-O 15. Be2 Rc8 16. Bb2 Rc5 17. Na3 Nxd5 18. Nc4 Nxc4 19. Bxc4 Ba4 20. Qa2 Nxc3 21. Bxf7+ Kf8 22. Qa1 Ne4+ 23. Ke2 Qd2+ 24. Kf3 Qxf2+ {0-} 0-1

[Event "45th FIDE Olympiad 2024"]
[Site "Budapest"]
[Date "2024.09.14"]
[Round "4.28"]
[White "Mamedyarov, Shakhriyar"]
[Black "Draskovic, Luka"]
[Result "1-0"]
[ECO "D02"]
[WhiteElo "2733"]
[BlackElo "2497"]
[Annotator "TA"]
[PlyCount "83"]
[EventDate "2024.09.05"]
[EventType "team-tourn"]
[EventCountry "HUN"]
[SourceTitle "playchess.com"]
[Source "ChessBase"]
[SourceQuality "1"]
[WhiteTeam "Azerbaijan"]
[BlackTeam "Montenegro"]
[WhiteTeamCountry "AZE"]
[BlackTeamCountry "MNE"]
[TimeControl "40/5400+30:1800+30"]

1. Nf3 d5 2. g3 Nf6 3. Bg2 e6 4. O-O Bd6 5. c4 O-O 6. d4 h6 {[%emt 0:00:38] 6...Nc6 is becoming the main line. D02: 1 d4 d5 2 Nf3 sidelines, including 2...Nf6 3 g3 and 2...Nf6 3 Bf4.} 7. Qc2 b6 8. Nc3 Bb7 9. cxd5 exd5 10. Nh4 $5 {[%emt 0:01:46][%mdl 4] Leaves trodden paths.} Nc6 11. Nf5 (11. Bxd5 $2 Nb4 (11... Nxd4 $2 12. Qd1 $19) 12. Bxf7+ Rxf7 $19) 11... Ne7 12. Nxd6 cxd6 13. b3 $146 ({Predecessor:} 13. Bf4 Rc8 14. Qb3 a6 15. Qa3 Nf5 16. Bh3 Nxd4 17. Bxc8 Qxc8 18. Qxd6 Qh3 19. f3 {1-0 Reyes Zavaleta,F (2051)-Ramirez Mori,A (1534) South America-ch 1st 2023 (8)}) 13... Rc8 14. Qd3 Qd7 15. a4 a6 16. Ba3 Rc6 17. Rfc1 Rfc8 18. Nd1 Rxc1 19. Rxc1 Rxc1 20. Bxc1 Qc6 21. Ba3 Bc8 22. Ne3 a5 23. h3 h5 24. Kh2 g6 25. f3 Nf5 26. Nd1 Ng7 27. Nc3 Ne6 28. Qd2 Ba6 29. e4 h4 30. gxh4 Bb7 (30... Qc7 $142) 31. Qe3 (31. h5 $16) 31... Qd7 (31... Qc7 {with more complications.} 32. Nb5 Qc2 33. Nxd6 Nh5) 32. Nb5 Ne8 33. h5 gxh5 34. Qh6 Bc6 35. Nc3 (35. Qxh5 Bxb5 36. axb5 Qxb5 $17) 35... N6g7 36. Qg5 (36. Nxd5 Bxd5 37. exd5 b5 $11) 36... dxe4 (36... Bb7 $16) 37. fxe4 $18 ({Resist} 37. d5 $6 exf3 38. Bxf3 (38. dxc6 Qxc6 39. Nd5 Qc2 $17) 38... Bb7 $11) 37... Bb7 38. d5 f6 39. Qe3 Qd8 (39... Qe7 $16 40. Bc1 (40. Qxb6 $2 {too greedy.} Qe5+ 41. Kg1 Qxc3 $19) 40... Ba6) 40. Nb5 $18 Ba6 41. Nd4 Bb7 42. Qg3 1-0

[Event "45th FIDE Olympiad 2024"]
[Site "Budapest"]
[Date "2024.09.14"]
[Round "4.28"]
[White "Li, Yiheng"]
[Black "Fumey, Enyonam Sewa"]
[Result "1-0"]
[ECO "B01"]
[WhiteElo "1893"]
[BlackElo "1845"]
[PlyCount "49"]
[EventDate "2024.09.05"]
[EventType "team-tourn"]
[EventCountry "HUN"]
[WhiteTeam "Hong Kong, China"]
[BlackTeam "Togo"]
[BlackTeamCountry "TOG"]
[TimeControl "40/5400+30:1800+30"]

1. e4 d5 2. exd5 Nf6 3. Nf3 Nxd5 4. d4 Bf5 5. Bd3 Bxd3 6. Qxd3 e6 7. c4 Nf6 8. Nc3 c6 9. O-O Be7 10. Bf4 Nbd7 11. Rad1 O-O 12. Rfe1 Re8 13. Qe2 Qa5 14. Ne5 Bb4 15. Rd3 Rad8 16. a3 Bxc3 17. Rxc3 Rc8 18. b4 Qb6 19. Rd1 a6 20. Rg3 Kf8 21. Nxd7+ Nxd7 22. Qh5 Kg8 23. Qh6 g6 24. Rh3 Nf8 25. Bd6 1-0

[Event "45th FIDE Olympiad 2024"]
[Site "Budapest"]
[Date "2024.09.14"]
[Round "4.29"]
[White "Grandelius, Nils"]
[Black "Shirov, Alexei"]
[Result "1/2-1/2"]
[ECO "B22"]
[WhiteElo "2653"]
[BlackElo "2666"]
[Annotator "TA"]
[PlyCount "60"]
[EventDate "2024.09.05"]
[EventType "team-tourn"]
[EventCountry "HUN"]
[SourceTitle "playchess.com"]
[Source "ChessBase"]
[SourceQuality "1"]
[WhiteTeam "Sweden"]
[BlackTeam "Spain"]
[WhiteTeamCountry "SWE"]
[BlackTeamCountry "ESP"]
[TimeControl "40/5400+30:1800+30"]

1. e4 e6 2. d4 d5 3. exd5 exd5 4. Nf3 Nf6 5. Bd3 c5 6. c3 c4 7. Bc2 Bd6 8. O-O O-O {[%emt 0:00:22] The position is equal.} 9. h3 Nc6 10. Bg5 h6 11. Bh4 g5 12. Bg3 Bxg3 13. fxg3 Nh5 $1 14. Kh2 Qd6 {[%emt 0:01:46] Dodges Ne5} 15. Ne5 $1 Nxg3 16. Kxg3 {[%emt 0:00:26] [#] And now Kf2 would win.} f6 $1 17. Na3 $1 fxe5 18. Nb5 Rxf1 (18... exd4+ $2 {loses.} 19. Nxd6 g4 20. Qd2 $18 (20. cxd4 Rf3+ 21. gxf3 Be6 $18) (20. Rxf8+ Kxf8 21. Nxc8 Rxc8 $18) (20. cxd4 Be6 $18) (20. Rxf8+ Kxf8 21. Nxc8 Rxc8 $18)) 19. Qh5 {[%emt 0:13:39] Some like it hot} Qf6 (19... Rxa1 $2 {too greedy.} 20. Nxd6 Rf1 21. dxe5 $18 (21. Qxh6 e4 $18)) 20. Rxf1 Qxf1 {[%emt 0:00:05][%csl Ge5,Gg5][%cal Rf1f4] [#]} 21. Qg6+ Kf8 22. Qxh6+ Ke7 23. Qd6+ Kf7 24. Qg6+ Kf8 25. Qh6+ Ke7 26. Qd6+ Kf7 27. Qg6+ Ke7 28. Qd6+ Kf7 29. Qg6+ Ke7 30. Qd6+ Kf7 {[%emt 0:00:05] Not much happened in this game.   Weighted Error Value: White=0.01 (flawless) /Black=0.00 (flawless) .  Inaccurate:     	White=1     	---        OK:         	White=8     	Black=9      Best:        	White=10    	Black=7      Strong:       	White=2     	Black=2} 1/2-1/2

[Event "45th FIDE Olympiad 2024"]
[Site "Budapest"]
[Date "2024.09.14"]
[Round "4.29"]
[White "Asabri, Hussien"]
[Black "AH KYE, Benitot"]
[Result "1-0"]
[ECO "E51"]
[WhiteElo "2196"]
[BlackElo "1815"]
[PlyCount "35"]
[EventDate "2024.09.05"]
[EventType "team-tourn"]
[EventCountry "HUN"]
[WhiteTeam "Libya"]
[BlackTeam "Mauritius"]
[WhiteTeamCountry "LBY"]
[BlackTeamCountry "MRI"]
[TimeControl "40/5400+30:1800+30"]

1. d4 Nf6 2. Nf3 d5 3. c4 e6 4. Nc3 Bb4 5. e3 O-O 6. Bd2 b6 7. Bd3 Ba6 8. Qe2 Be7 9. O-O Nbd7 10. Rfd1 c5 11. b3 Rc8 12. a4 Qc7 13. Nb5 Qb7 14. Ne5 Qb8 15. cxd5 exd5 16. Bf5 Rcd8 17. Nc6 Qb7 18. Nxe7+ 1-0

[Event "45th FIDE Olympiad 2024"]
[Site "Budapest"]
[Date "2024.09.14"]
[Round "4.30"]
[White "Anton Guijarro, David"]
[Black "Blomqvist, Erik"]
[Result "1-0"]
[ECO "C54"]
[WhiteElo "2665"]
[BlackElo "2491"]
[Annotator "TA"]
[PlyCount "75"]
[EventDate "2024.09.05"]
[EventType "team-tourn"]
[EventCountry "HUN"]
[SourceTitle "playchess.com"]
[Source "ChessBase"]
[SourceQuality "1"]
[WhiteTeam "Spain"]
[BlackTeam "Sweden"]
[WhiteTeamCountry "ESP"]
[BlackTeamCountry "SWE"]
[TimeControl "40/5400+30:1800+30"]

1. e4 e5 2. Nf3 Nc6 3. Bc4 Nf6 4. d3 Bc5 5. c3 a5 6. Bg5 d6 7. Nbd2 h6 8. Bh4 {[%emt 0:00:09] The position is equal.} Ba7 9. a4 g5 10. Bg3 O-O 11. h4 g4 12. Nh2 Kg7 13. Qe2 Ne7 14. h5 {[%emt 0:07:34] Dodges Ng6} Nxh5 15. Nxg4 Nxg3 16. fxg3 Ng8 17. Rh5 {[%emt 0:04:32] Dodges Qg5} (17. Rh4 $11) 17... Nf6 $1 $15 18. Nxf6 (18. Nxh6 $2 Nxh5 19. Qxh5 Qf6 20. Nf5+ Bxf5 21. exf5 Rh8 22. Qg4+ Kf8 $17) 18... Qxf6 19. O-O-O Qg6 (19... Qf2 {feels hotter.} 20. Qf3 Be3 21. Kc2 Bd7) 20. Rh4 {[%emt 0:03:12] Wards off Bg4} Qxg3 21. Rdh1 Be3 22. Kb1 {[%emt 0:05:07] [#] Nf1 would now be deadly. White is weak on the dark squares} Bg5 23. Nf1 Qxh4 24. Rxh4 Bxh4 25. Qh5 Bg5 26. Nh2 (26. d4 $15) 26... Be6 ({Better is} 26... Bd7 $17) 27. Nf3 $36 {[%emt 0:03:39][%mdl 2048] White has some pressure.} Bxc4 28. dxc4 Kf6 29. c5 $1 Ke7 30. Qh1 (30. cxd6+ $6 Kxd6 31. Nxg5 hxg5 $16) 30... dxc5 (30... Rg8 $6 31. Qf1 $16 (31. cxd6+ cxd6 32. Qg1 Rgd8 $17)) ({Black should try} 30... f6 $11) 31. Nxe5 $14 Ra6 {[%emt 0:00:29] [#]} 32. Qg1 $1 {[%emt 0:01:30] White is more active.} Rd6 $2 {[%emt 0:00:55] A mistake that costs the game.} (32... Re8 $16) 33. Qxc5 $18 Ke6 (33... Kf6 {might work better.} 34. Nc4 (34. Qxc7 Kxe5 35. Qc5+ Ke6 $17) (34. Qxa5 b6 $18) (34. Nd7+ Rxd7 35. Qxf8 b6 $18) 34... Rd1+ 35. Kc2 (35. Ka2 Kg7 $18) 35... Rc1+ 36. Kb3 Re8 37. e5+ (37. Nxa5 b6 $18) (37. Qxa5 b6 $18) 37... Kg7 38. Qxc7 (38. Nxa5 Re7 $18) 38... Rf1 39. Qxb7 (39. Nxa5 Re7 $18) 39... Re1) 34. Nc4 (34. Qxa5 Kf6 35. Nf3 (35. Qxc7 Kxe5 36. Qc5+ Ke6 $11) 35... Ra6 36. Qe5+ (36. Qxc7 Rxa4 37. Qe5+ Kg6 $18) 36... Kg6 $18) (34. Qxc7 Kxe5 35. Qc5+ Ke6 (35... Kxe4 $2 36. Qxd6 Rd8 37. Qc7 $18) 36. Qf5+ Ke7 37. Qe5+ Kd7 38. Qb5+ Kd8 39. Qxb7 (39. Qxa5+ $2 b6 $19) 39... Re8 $19) 34... Rd1+ 35. Kc2 (35. Ka2 Re8 36. Qxc7 (36. Nxa5 Kf6 $18) 36... Kf6 37. e5+ (37. Qxa5 Rxe4 38. Qb6+ Kg7 $18) (37. Qxb7 Kg7 $18) 37... Kg6 38. Qxb7 (38. Qxa5 Re7 $18) 38... Re1 39. Qc6+ (39. Nxa5 R8xe5 40. Nc4 Re7 $18) 39... Re6) 35... Rc1+ 36. Kb3 Rg8 (36... Re8 $142 37. Qxc7 Kf6 38. e5+ (38. Qxb7 Re6 $18) (38. Nxa5 Rxe4 39. Nxb7 Re7 $18) 38... Kg6 39. Qxb7 (39. Nxa5 Re7 $18) 39... Ra1 40. Qc6+ (40. Nxa5 Rxe5 41. Qb4 Re6 $18) 40... Re6 41. Qe4+ f5) 37. Qxc7 Be7 {[%emt 0:00:46] Repels Qd6+} 38. Qf4 {[%emt 0:00:49] Weighted Error Value: White=0.09 (flawless) /Black=0.40.  Loses game:     	---       	Black=1      Mistake:       	White=2     	Black=4      Inaccurate:     	White=1     	Black=3      OK:         	White=15    	Black=11     Best:        	White=4     	Black=4      Strong:       	White=2     	Black=1} 1-0

[Event "45th FIDE Olympiad 2024"]
[Site "Budapest"]
[Date "2024.09.14"]
[Round "4.30"]
[White "Lam Kin Cheung, Stephane"]
[Black "Alhassadi, Yousef A."]
[Result "0-1"]
[ECO "B23"]
[WhiteElo "1677"]
[BlackElo "2082"]
[PlyCount "50"]
[EventDate "2024.09.05"]
[EventType "team-tourn"]
[EventCountry "HUN"]
[WhiteTeam "Mauritius"]
[BlackTeam "Libya"]
[WhiteTeamCountry "MRI"]
[BlackTeamCountry "LBY"]
[TimeControl "40/5400+30:1800+30"]

1. e4 c5 2. Nc3 e6 3. f4 d5 4. Nf3 d4 5. Bb5+ Bd7 6. Bxd7+ Qxd7 7. Nb1 Nc6 8. d3 f5 9. e5 Nge7 10. O-O Nd5 11. b3 Be7 12. a4 h6 13. h4 O-O-O 14. Na3 Qe8 15. Bd2 Qg6 16. Qe1 Qg4 17. g3 Rdg8 18. Kg2 g5 19. fxg5 hxg5 20. Nxg5 Bxg5 21. Bxg5 Rxg5 22. hxg5 Ne3+ 23. Kg1 Rh1+ 24. Kxh1 Qh3+ 25. Kg1 Qg2# {0-} 0-1

[Event "45th FIDE Olympiad 2024"]
[Site "Budapest"]
[Date "2024.09.14"]
[Round "4.31"]
[White "Hillarp Persson, Tiger"]
[Black "Pichot, Alan"]
[Result "0-1"]
[ECO "A05"]
[WhiteElo "2457"]
[BlackElo "2628"]
[Annotator "TA"]
[PlyCount "86"]
[EventDate "2024.09.05"]
[EventType "team-tourn"]
[EventCountry "HUN"]
[SourceTitle "playchess.com"]
[Source "ChessBase"]
[SourceQuality "1"]
[WhiteTeam "Sweden"]
[BlackTeam "Spain"]
[WhiteTeamCountry "SWE"]
[BlackTeamCountry "ESP"]
[TimeControl "40/5400+30:1800+30"]

1. Nf3 Nf6 2. g3 b5 3. Bg2 Bb7 4. O-O e6 5. d3 c5 6. e4 d6 7. a4 b4 {[%emt 0:00:46] 7...b4 is better than 7...a6.} 8. a5 {[%emt 0:00:37] A05: Réti Opening: 1 Nf3 Nf6.} Be7 9. Nbd2 O-O 10. Re1 Nbd7 11. Nc4 a6 12. c3 $146 ({Predecessor:} 12. e5 dxe5 13. Nfxe5 Bxg2 14. Kxg2 Nxe5 15. Nxe5 Qd5+ 16. Qf3 Rac8 17. Nc4 Qxf3+ 18. Kxf3 {½-½ Mortazavi,A (2333)-Indjic,A (2618) Titled Tuesday intern op 02nd May Late blitz 2023 (6)}) 12... d5 13. exd5 Nxd5 14. Bd2 Qc7 15. Rc1 bxc3 16. bxc3 Rad8 17. h4 h6 18. Rb1 Ba8 19. Nh2 N7f6 20. Qe2 Rfe8 21. Nf3 Nd7 22. d4 Bf8 23. Nfe5 cxd4 24. cxd4 Nxe5 25. dxe5 Bc6 26. Rec1 Bb5 27. Qe4 (27. Rxb5 {is interesting.} axb5 28. Nd6 Bxd6 29. Rxc7 Bxc7 30. Qxb5 Bxe5 31. a6) 27... f5 28. exf6 Nxf6 29. Bf4 (29. Qe1 $5 Bc5 (29... Bxc4 30. Be3 $14) 30. Bf4 $14) 29... Qc5 30. Qe3 Qf5 31. Qe5 ({Much weaker is} 31. Ne5 Bd6 (31... Nd5 32. Qe4 $11) 32. h5 Nd5 (32... Nxh5 33. Be4 $11) (32... Qxh5 33. Bf3 $15)) 31... Nd5 (31... Bc5 {simplifies} 32. Qxf5 exf5 33. Be3 Bxe3 34. Nxe3 Re5) 32. Bd2 (32. Qxf5 {simplifies} exf5 33. Bd6 Bxd6 34. Bxd5+ Kf8 35. Nxd6 Rxd6 36. Bf3) 32... Qd3 $2 (32... Qg4 $11 {and Black is okay.} 33. Bf1 Bc5) 33. Be4 $18 Bxc4 ({Avoid the trap} 33... Qe2 $2 34. Bh7+ Kxh7 35. Qxe2) 34. Bxd3 Bxd3 35. Rb7 Nf6 36. Bxh6 Be4 37. Ra7 Rd5 38. Qf4 Red8 (38... Rf5 $142 39. Qc7 gxh6) 39. Re1 Rd1 40. Kf1 $4 (40. Rf1 $1 $18 {was the only winning move.}) 40... Bd3+ $19 41. Kg2 Rxe1 42. Bg5 Be4+ 43. f3 Re2+ 0-1

[Event "45th FIDE Olympiad 2024"]
[Site "Budapest"]
[Date "2024.09.14"]
[Round "4.31"]
[White "Naser Eldean, Ahmed"]
[Black "Lee Luen Mang, Stefan"]
[Result "1-0"]
[ECO "B30"]
[WhiteElo "1981"]
[BlackElo "1803"]
[PlyCount "141"]
[EventDate "2024.09.05"]
[EventType "team-tourn"]
[EventCountry "HUN"]
[WhiteTeam "Libya"]
[BlackTeam "Mauritius"]
[WhiteTeamCountry "LBY"]
[BlackTeamCountry "MRI"]
[TimeControl "40/5400+30:1800+30"]

1. e4 c5 2. Nf3 Nc6 3. Bb5 e6 4. Bxc6 bxc6 5. d3 Ne7 6. b3 Ng6 7. O-O Be7 8. Bb2 O-O 9. Nbd2 d6 10. Nc4 e5 11. Ne3 Nf4 12. g3 Ne6 13. h4 a5 14. Kg2 a4 15. Nd2 Nd4 16. Rh1 f5 17. c3 a3 18. Bxa3 Rxa3 19. cxd4 cxd4 20. Nxf5 Bxf5 21. exf5 Rxf5 22. Qc1 Qa8 23. Qc4+ Kh8 24. Qe6 Qf8 25. Rhf1 Ra8 26. a4 Rf6 27. Qd7 d5 28. Rae1 Bb4 29. Re2 Re8 30. Rc1 Bc3 31. Nb1 Re7 32. Qg4 Bb4 33. Rec2 c5 34. Rf1 Ref7 35. Qe2 Re7 36. Ra2 e4 37. a5 Ra6 38. dxe4 Qf6 39. Qg4 h6 40. exd5 Rf7 41. Kg1 d3 42. Qe4 Qf5 43. Qc4 Rff6 44. Nc3 Rxa5 45. Rxa5 Bxa5 46. Ne4 Rf8 47. Qxd3 Bb6 48. Qc4 Rd8 49. Rd1 Qg4 50. Nc3 Qf3 51. Qd3 Qf7 52. Ne4 Rd7 53. Kg2 Qf5 54. Nc3 Qf6 55. Qf3 Qg6 56. Qe4 Qf7 57. Qe6 Qxe6 58. dxe6 Rxd1 59. Nxd1 Kg8 60. Nc3 g6 61. Nd5 Ba5 62. Kf3 Be1 63. Ke2 Ba5 64. g4 Kg7 65. f4 Kf8 66. f5 gxf5 67. gxf5 Bd8 68. f6 Ba5 69. Kd3 h5 70. Kc4 Be1 71. e7+ 1-0

[Event "45th FIDE Olympiad 2024"]
[Site "Budapest"]
[Date "2024.09.14"]
[Round "4.32"]
[White "Santos Latasa, Jaime"]
[Black "Lokander, Martin"]
[Result "1-0"]
[ECO "C70"]
[WhiteElo "2624"]
[BlackElo "2469"]
[Annotator "TA"]
[PlyCount "67"]
[EventDate "2024.09.05"]
[EventType "team-tourn"]
[EventCountry "HUN"]
[SourceTitle "playchess.com"]
[Source "ChessBase"]
[SourceQuality "1"]
[WhiteTeam "Spain"]
[BlackTeam "Sweden"]
[WhiteTeamCountry "ESP"]
[BlackTeamCountry "SWE"]
[TimeControl "40/5400+30:1800+30"]

1. e4 e5 2. Nf3 Nc6 3. Bb5 a6 4. Ba4 d6 5. O-O b5 6. Bb3 Na5 7. d4 Nxb3 8. axb3 f6 9. Re1 Ne7 10. Bd2 Rb8 11. dxe5 {[%emt 0:14:19] White is slightly better.} fxe5 12. c4 Qd7 13. Nc3 bxc4 14. bxc4 Rxb2 15. Nd5 (15. c5 $14) 15... Nxd5 $11 16. exd5 Be7 17. Bc3 $36 {[%emt 0:01:09][%mdl 2048] White fights for an advantage.} Rb8 {[%emt 0:07:10] [#]} (17... Rb6 $1 $11) 18. Bxe5 $1 $14 O-O (18... dxe5 $2 {loses.} 19. Nxe5 Qd6 20. Nc6 $18) 19. Bc3 Bf6 20. Bxf6 Rxf6 21. Nd4 Rb2 22. f3 {[%emt 0:00:53] Hoping for Nc6.} h6 (22... Rg6 $14 23. Re2 Rxe2 24. Qxe2 Rf6) 23. Qc1 Rb6 24. Ra2 {[%emt 0:01:54] Rae2 would now be deadly.} Qf7 25. Rae2 Bf5 26. Qc3 Rb1 27. Rxb1 Bxb1 28. Qe1 {[%emt 0:03:09] White is more active.} Bf5 (28... Qg6 $16 {might work better.}) 29. g4 $18 Qg6 {[%emt 0:04:34] [#]} (29... Bg6) 30. Nc6 $1 {[%emt 0:01:05] And now Ne7+ would win.} ({Weaker is} 30. Re8+ Kh7 $16) 30... Kh7 31. Ne7 Qg5 32. Nxf5 {[%emt 0:02:24] Threatens to win with h4.} Rxf5 {[%emt 0:00:15] [#]} 33. Qb1 $1 {[%emt 0:00:04] White wants to mate with h4.} g6 {[%emt 0:00:28] [#]} 34. h4 $1 {[%emt 0:00:04][%mdl 512] Weighted Error Value: White=0.14 (very precise) /Black=0.65.  Mistake:       	White=1     	Black=4      Inaccurate:     	White=3     	Black=5      OK:         	White=6     	Black=4      Best:        	---       	Black=3      Strong:       	White=1     	---        Brilliant:      	White=1     	---} 1-0

[Event "45th FIDE Olympiad 2024"]
[Site "Budapest"]
[Date "2024.09.14"]
[Round "4.32"]
[White "Naipal, Hoolan"]
[Black "Abugenda, Nagi"]
[Result "0-1"]
[ECO "C41"]
[WhiteElo "1851"]
[BlackElo "1975"]
[PlyCount "50"]
[EventDate "2024.09.05"]
[EventType "team-tourn"]
[EventCountry "HUN"]
[WhiteTeam "Mauritius"]
[BlackTeam "Libya"]
[WhiteTeamCountry "MRI"]
[BlackTeamCountry "LBY"]
[TimeControl "40/5400+30:1800+30"]

1. e4 d6 2. d4 Nf6 3. Nc3 Nbd7 4. Nf3 e5 5. Bc4 Be7 6. h3 O-O 7. Be3 c6 8. a4 Qc7 9. a5 Re8 10. O-O h6 11. Qd2 Bf8 12. Rfe1 exd4 13. Bxd4 Ne5 14. Nxe5 dxe5 15. Be3 Be6 16. Qe2 Bb4 17. Bd2 Bxa5 18. Bxe6 Rxe6 19. Nb5 cxb5 20. Bxa5 b6 21. Bc3 Qc6 22. Ra3 a5 23. Rb3 b4 24. Bd2 Qxc2 25. Rg3 Ne8 {0-} 0-1

[Event "45th FIDE Olympiad 2024"]
[Site "Budapest"]
[Date "2024.09.14"]
[Round "4.33"]
[White "Carlsen, Magnus"]
[Black "Gazik, Viktor"]
[Result "1-0"]
[ECO "E14"]
[WhiteElo "2832"]
[BlackElo "2561"]
[Annotator "TA"]
[PlyCount "55"]
[EventDate "2024.09.05"]
[EventType "team-tourn"]
[EventCountry "HUN"]
[SourceTitle "playchess.com"]
[Source "ChessBase"]
[SourceQuality "1"]
[WhiteTeam "Norway"]
[BlackTeam "Slovakia"]
[WhiteTeamCountry "NOR"]
[BlackTeamCountry "SVK"]
[TimeControl "40/5400+30:1800+30"]

1. d4 Nf6 2. c4 e6 3. Nf3 Bb4+ 4. Nbd2 b6 5. a3 Bxd2+ 6. Nxd2 Bb7 7. e3 O-O 8. Bd3 d5 9. O-O dxc4 10. Nxc4 Qd5 11. f3 Rd8 {[%emt 0:02:30] White is slightly better.} 12. Be2 Nc6 13. Qc2 Rac8 14. b3 b5 15. Nb2 e5 16. Nd3 e4 {[%emt 0:04:52] [#]} (16... Nxd4 $2 17. exd4 Qxd4+ 18. Nf2 $18) (16... Qd6 $142) 17. Nc5 $1 $16 Nxd4 18. exd4 Qxd4+ 19. Kh1 exf3 (19... Qxa1 $2 {is the wrong capture.} 20. Bb2 (20. Nxb7 Qe5 $18) 20... Qa2 21. Nxb7 $18 (21. Ra1 Qxa1+ 22. Bxa1 exf3 $18) (21. Ra1 Qxa1+ 22. Bxa1 exf3 $18)) 20. gxf3 Ba8 {[%emt 0:00:05] [#]} (20... Bxf3+ $16 {was called for.} 21. Bxf3 Qxa1) 21. Bg5 (21. Ra2 $1 $18) 21... Rd5 22. Bxf6 Qxf6 23. Ne4 ({Inferior is} 23. Bxb5 Qb6 24. Bd3 Rxc5 25. Bxh7+ Kf8 $17) 23... Qf4 24. Qc1 Qh4 25. Rg1 Re5 $2 (25... g6 {keeps fighting.} 26. Qc3 Rf5) 26. Qc3 Rce8 27. Bxb5 (27. Qxc7 $2 {too greedy.} Rxe4 28. Bf1 Rg4 $19) 27... R8e7 {[%emt 0:03:18] [#]} (27... R8e6 28. Bc4 Re8) 28. Rad1 $1 {[%emt 0:00:36] Weighted Error Value: White=0.20 (precise) /Black=0.52.  Mistake:       	White=1     	Black=4      Inaccurate:     	---       	Black=2      OK:         	White=5     	Black=2      Best:        	White=4     	Black=2      Strong:       	White=1     	---} 1-0

[Event "45th FIDE Olympiad 2024"]
[Site "Budapest"]
[Date "2024.09.14"]
[Round "4.33"]
[White "Pg, Md Omar Ak Hafizon"]
[Black "Kumar, Manoj"]
[Result "1/2-1/2"]
[ECO "C54"]
[WhiteElo "2159"]
[BlackElo "1951"]
[PlyCount "95"]
[EventDate "2024.09.05"]
[EventType "team-tourn"]
[EventCountry "HUN"]
[WhiteTeam "Brunei Darussalam"]
[BlackTeam "Fiji"]
[WhiteTeamCountry "BRN"]
[BlackTeamCountry "FIJ"]
[TimeControl "40/5400+30:1800+30"]

1. e4 e5 2. Nf3 Nc6 3. Bc4 Bc5 4. d3 Nf6 5. Bb3 d6 6. c3 Bb6 7. O-O h6 8. Be3 O-O 9. Nbd2 Ng4 10. Bxb6 axb6 11. h3 Nf6 12. d4 Re8 13. Re1 Bd7 14. a3 Nh7 15. Nf1 Ng5 16. Nxg5 Qxg5 17. Re3 exd4 18. cxd4 Qh4 19. Ng3 Ne7 20. Rc1 c6 21. Rf3 Rf8 22. Ne2 Qxe4 23. Bc2 Qh4 24. Qd3 f5 25. Qb3+ Kh8 26. Nf4 Qf6 27. Re1 Nc8 28. h4 d5 29. h5 Kh7 30. Ng6 Rd8 31. Ne5 Nd6 32. Rg3 Be8 33. Qxb6 Bxh5 34. Qb4 Rab8 35. Rh3 Bg6 36. Ree3 Ne4 37. f3 Nd6 38. Qe1 Be8 39. Bb1 Kg8 40. a4 Ra8 41. b3 Rab8 42. f4 Ne4 43. b4 Ra8 44. Bc2 Rdc8 45. Bb3 Kh7 46. Bc2 Kg8 47. Bb3 Kh7 48. Bc2 1/2-1/2